 Dungeon Crawl Stone Soup version 0.20-a0-350-ga83eecc (webtiles) character file.

435 TheGoonsmith the Ducker (level 6, -1/29 HPs)
             Began as a Spriggan Artificer on Dec 23, 2016.
             Was an Initiate of Gozag.
             Shot with an arrow by a centaur (13 damage)
             ... on level 5 of the Dungeon.
             The game lasted 00:08:05 (3808 turns).

TheGoonsmith the Ducker (Spriggan Artificer)        Turns: 3808, Time: 00:08:06

Health: -1/29      AC:  3    Str:  7 (8)  XL:     6   Next: 68%
Magic:  10/10      EV: 24    Int: 11 (13) God:    Gozag
Gold:   225        SH:  0    Dex: 17 (18) Spells: 5/5 levels left

rFire  . . .     SeeInvis +     w - +0 dagger (drain)
rCold  . . .     Gourm    .     b - +1 robe
rNeg   . . .     Faith    .     (shield restricted)
rPois  .         Spirit   .     (helmet restricted)
rElec  .         Reflect  .     (no cloak)
rCorr  .         Harm     .     (gloves unavailable)
MR     ++...                    (boots unavailable)
Stlth  +++.......               (no amulet)
                                s - +2 ring of evasion
                                g - ring of protection from magic

@: very quick
A: unfitting armour, see invisible, herbivore 3, speed 3, slow metabolism 2
a: Potion Petition, Call Merchant, Bribe Branch, Renounce Religion


You were on level 5 of the Dungeon.
You worshipped Gozag.
Gozag was aware of your devotion.
You were very hungry.

You visited 2 branches of the dungeon, and saw 6 of its levels.

You collected 256 gold pieces.
You paid 31 gold pieces to Gozag.

Inventory:

Hand Weapons
 a - a +0 short sword
 i - a +1 short sword of speed
 w - a +0 dagger of draining (weapon)
Missiles
 l - 9 tomahawks (quivered)
Armour
 b - a +1 robe (worn)
Jewellery
 g - a ring of protection from magic (left hand)
 s - a +2 ring of evasion (right hand)
Wands
 c - a wand of flame (6/48)
 d - a wand of enslavement (15/24)
 e - a wand of random effects (3/48)
 r - a wand of random effects (36/48)
Scrolls
 k - a scroll of remove curse
 q - 2 scrolls of teleportation
Potions
 h - 2 potions of lignification
 j - 2 potions of brilliance
 m - 2 potions of haste
 n - 2 potions of ambrosia
 p - 2 potions of agility
Comestibles
 f - 2 bread rations


   Skills:
 - Level 0.7 Fighting
 + Level 4.2 Short Blades
 + Level 6.7 Dodging
 + Level 6.2 Stealth
 - Level 4.0 Evocations


You had 5 spell levels left.
You didn't know any spells.

Dungeon Overview and Level Annotations

Branches:
Dungeon (5/15)             Temple (1/1) D:4

Altars:
Cheibriados
Gozag
Kikubaaqudgha
Ru
Sif Muna
Yredelemnul
Zin


Innate Abilities, Weirdness & Mutations

You are very small and have problems with some larger weapons.
You are too small for most types of armour.
You have supernaturally acute eyesight. (SInv)
You are a herbivore.
You cover ground extremely quickly.
You need consume almost no food.


Message History

You now have 225 gold pieces (gained 7).
There is a stone staircase leading down here.
You climb downwards.
There is a stone staircase leading up here.
The jelly quivers.
You hit the jelly.
Your hands burn!
The jelly is lightly wounded.
The jelly hits you.
You are splashed with acid!
The acid burns!
You hit the jelly. You drain the jelly!
Your hands burn!
The jelly is heavily wounded.
The jelly closely misses you.
You are too injured to fight recklessly!
You are too injured to fight recklessly!
The centaur shoots an arrow.
The arrow hits you.
You see here an arrow.
The centaur shoots an arrow.
The arrow completely misses you.
The centaur shoots an arrow.
The arrow misses you.
The centaur shoots an arrow.
The arrow hits you!
You die...
Your body crumbles into a pile of gold.

.##.....#...........#....#######.
.##.....#....c......'.....#......
........#...........#.....#......
........(......(....#....##......
........#(......J...##'####......
.##.....#...........#............
# #.....#...........#....#######.
.......#...........#....# #.
........#.......@(..#....# ...
........#...........#....# .....
........+...........#..... ..##..
#...........+....... ###
#...........###+###
#.........J... '..............
#..............


You could see a centaur, a jelly and an ooze (wandering).

Vanquished Creatures
  A hound (D:4)
  An orc priest (D:4)
  Ijyb (D:3)
  Jessica (D:3)
  An iguana (D:4)
  3 orc wizards (D:4)
  3 worker ants (D:4)
  A hound skeleton (D:4)
  5 adders
  An ooze (D:4)
  An adder zombie (D:5)
  A worm (D:2)
  3 leopard geckos
  8 orcs
  A giant cockroach (D:2)
  6 goblins
  10 hobgoblins
  5 jackals
  4 kobolds (D:1)
  5 quokkas
  A ball python (D:2)
  7 bats
  5 frilled lizards
  A jackal skeleton (D:4)
  A leopard gecko skeleton (D:5)
  A leopard gecko zombie (D:5)
  3 rats
81 creatures vanquished.

Notes
Turn   | Place    | Note
-------+----------+-------------------------------------------
     0 | D:1      | TheGoonsmith the Spriggan Artificer began the quest for the Orb.
     0 | D:1      | Reached XP level 1. HP: 9/9 MP: 4/4
   185 | D:1      | Reached XP level 2. HP: 12/14 MP: 6/6
   761 | D:2      | Reached XP level 3. HP: 17/17 MP: 7/7
  1485 | D:3      | Noticed Jessica
  1488 | D:3      | Killed Jessica
  1488 | D:3      | Reached XP level 4. HP: 21/21 MP: 8/8
  1705 | D:3      | Found a faded altar of an unknown god.
  1729 | D:3      | Noticed Ijyb
  1761 | D:3      | Killed Ijyb
  1761 | D:3      | Reached skill level 5 in Dodging
  1826 | D:4      | Reached XP level 5. HP: 19/25 MP: 9/9
  2101 | D:4      | Found a staircase to the Ecumenical Temple.
  2162 | Temple   | Entered the Ecumenical Temple
  2174 | Temple   | Became a worshipper of Gozag Ym Sagoz the Greedy
  2259 | D:4      | Reached skill level 5 in Stealth
  2645 | D:4      | Reached XP level 6. HP: 29/29 MP: 10/10
  3250 | D:5      | Entered Level 5 of the Dungeon
  3808 | D:5      | Shot with an arrow by a centaur

Vault maps used:
D:1:      minmay_arrival_wavy_path
D:3:      chequers_ecumenical_altar_simple_redux, uniq_jessica, uniq_iyjb
D:4:      minivault_4
D:5:      first_bread
Temple:   regret_index_temple_sigil_plot

Skill      XL: |  1  2  3  4  5  6 |
---------------+-------------------+-----
Stealth        | 2 3 4 5 6 |  6.2
Short Blades   | 2 3 4 |  4.2
Dodging        | 4 5 6 |  6.7
Fighting       | |  0.7
Evocations     | |  4.0

Action                   |  1- 3 |  4- 6 || total
-------------------------+-------+-------++-------
Melee: Short sword       |   107 |   159 ||   266
       Dagger            |       |    77 ||    77
Evoke: Wand              |     4 |    17 ||    21
  Use: Scroll            |     3 |     6 ||     9
       Potion            |     2 |     1 ||     3
 Stab: Sleeping          |    12 |     5 ||    17
       Confused          |       |     2 ||     2
       Distracted        |       |     1 ||     1
Armor: Robe              |     3 |    10 ||    13
Dodge: Dodged            |    48 |   145 ||   193
